MWL (24 & UNDER)
CINCINNATI PRIDE @ LEE'S SUMMIT TIGERS
08/06/2023
 
TOP OF THE 1ST
Cincinnati Pride batting - Pitching for Lee's Summit Tigers : RHP Lorenzo Aguilar
Pitching: RHP Lorenzo Aguilar
Batting: RHB Roberto Chávez 0-0: Called Strike
0-1: Swinging Strike
0-2: Strikes out swinging
Batting: RHB Gabriel Villegas 0-0: Fly out, F4 (Popup, 34D)
Batting: RHB Fernando Díaz 0-0: Ball
1-0: Foul Ball, location: 2F
1-1: Ball
2-1: Ground out 5-3 (Groundball, 5S)
Top of the 1st over - 0 run(s), 0 hit(s), 0 error(s), 0 left on base; Cincinnati 0 - Lee's Summit 0
BOTTOM OF THE 1ST
Lee's Summit Tigers batting - Pitching for Cincinnati Pride : RHP Richard Edwards
Pitching: RHP Richard Edwards
Batting: LHB Andrés Arredondo 0-0: Called Strike
0-1: Ball
1-1: Ball
2-1: Called Strike
2-2: Strikes out swinging
Batting: RHB Ed Watkins 0-0: Ball
1-0: Foul Ball, location: 2F
1-1: Ball
2-1: Swinging Strike
2-2: Fly out, F9 (Flyball, 89M)
Batting: RHB Norberto Taváres 0-0: Called Strike
0-1: Ball
1-1: Swinging Strike
1-2: Strikes out looking
Bottom of the 1st over - 0 run(s), 0 hit(s), 0 error(s), 0 left on base; Cincinnati 0 - Lee's Summit 0
TOP OF THE 2ND
Cincinnati Pride batting - Pitching for Lee's Summit Tigers : RHP Lorenzo Aguilar
Batting: SHB Nick Marshall 0-0: Swinging Strike
0-1: Called Strike
0-2: Strikes out swinging
Batting: LHB Ricardo Brandariz 0-0: Swinging Strike
Single, Error in OF, E8, batter to second base
Batting: RHB Jonas Uttley 0-0: Ball
1-0: Called Strike
1-1: 2-RUN HOME RUN (Flyball, 89XD), Distance : 389 ft
Batting: RHB Álex Hernández 0-0: Fly out, F9 (Flyball, 9D)
Batting: RHB Larry Booth 0-0: Ball
1-0: Called Strike
1-1: Foul Ball, location: 2F
1-2: Strikes out swinging
Top of the 2nd over - 2 run(s), 2 hit(s), 1 error(s), 0 left on base; Cincinnati 2 - Lee's Summit 0
BOTTOM OF THE 2ND
Lee's Summit Tigers batting - Pitching for Cincinnati Pride : RHP Richard Edwards
Batting: LHB Alfredo Sánchez 0-0: Ball
1-0: Ball
2-0: Foul Ball, location: 2F
2-1: Swinging Strike
2-2: Ball
3-2: Strikes out swinging
Batting: RHB Carlos Flores 0-0: Called Strike
0-1: Ball
1-1: Called Strike
1-2: Strikes out swinging
Batting: LHB Cipriano Cruz 0-0: Swinging Strike
0-1: Foul Ball, location: 2F
0-2: Ball
1-2: Ball
2-2: Strikes out looking
Bottom of the 2nd over - 0 run(s), 0 hit(s), 0 error(s), 0 left on base; Cincinnati 2 - Lee's Summit 0
TOP OF THE 3RD
Cincinnati Pride batting - Pitching for Lee's Summit Tigers : RHP Lorenzo Aguilar
Batting: RHB Norris Howard 0-0: Called Strike
0-1: Ball
1-1: Called Strike
1-2: Strikes out swinging
Batting: RHB Roberto Chávez 0-0: Ball
1-0: Ground out 1-3 (Groundball, 13)
Batting: RHB Gabriel Villegas 0-0: Called Strike
0-1: Called Strike
0-2: Strikes out looking
Top of the 3rd over - 0 run(s), 0 hit(s), 0 error(s), 0 left on base; Cincinnati 2 - Lee's Summit 0
BOTTOM OF THE 3RD
Lee's Summit Tigers batting - Pitching for Cincinnati Pride : RHP Richard Edwards
Batting: SHB Shane Hutchinson 0-0: Called Strike
0-1: Called Strike
0-2: Ball
1-2: Foul Ball, location: 2F
1-2: Fly out, F7 (Flyball, 78M)
Batting: RHB Doug Delaney 0-0: Called Strike
0-1: Ball
1-1: Called Strike
1-2: Strikes out looking
Batting: RHB Norberto Márquez 0-0: Swinging Strike
0-1: Ball
1-1: Fly out, F9 (Flyball, 9M)
Bottom of the 3rd over - 0 run(s), 0 hit(s), 0 error(s), 0 left on base; Cincinnati 2 - Lee's Summit 0
TOP OF THE 4TH
Cincinnati Pride batting - Pitching for Lee's Summit Tigers : RHP Lorenzo Aguilar
Batting: RHB Fernando Díaz 0-0: Ball
1-0: Swinging Strike
1-1: Called Strike
1-2: Strikes out swinging
Batting: SHB Nick Marshall 0-0: Ball
1-0: Called Strike
1-1: Ball
2-1: Called Strike
2-2: Strikes out looking
Batting: LHB Ricardo Brandariz 0-0: Ball
1-0: Ball
2-0: Called Strike
2-1: Fly out, F7 (Flyball, 7LM)
Top of the 4th over - 0 run(s), 0 hit(s), 0 error(s), 0 left on base; Cincinnati 2 - Lee's Summit 0
BOTTOM OF THE 4TH
Lee's Summit Tigers batting - Pitching for Cincinnati Pride : RHP Richard Edwards
Batting: LHB Andrés Arredondo 0-0: Ball
1-0: Ball
2-0: SINGLE (Line Drive, 34)
Batting: RHB Ed Watkins 0-0: Called Strike
0-1: Ball
1-1: Called Strike
1-2: Ball
2-2: Ball
3-2: Foul Ball, location: 2F
3-2: Strikes out looking
Andrés Arredondo steals 2nd base
Batter strikes out.
Batting: RHB Norberto Taváres 0-0: Called Strike
Andrés Arredondo is caught stealing 3rd base
0-1: Ball
1-1: Foul Ball, location: 2F
1-2: Foul Ball, location: 2F
1-2: Fly out, F9 (Flyball, 9M)
Bottom of the 4th over - 0 run(s), 1 hit(s), 0 error(s), 0 left on base; Cincinnati 2 - Lee's Summit 0
TOP OF THE 5TH
Cincinnati Pride batting - Pitching for Lee's Summit Tigers : RHP Lorenzo Aguilar
Batting: RHB Jonas Uttley 0-0: Ground out 6-3 (Groundball, 6M)
Batting: RHB Álex Hernández 0-0: Called Strike
0-1: Foul Ball, location: 2F
0-2: Ball
1-2: Ball
2-2: Strikes out swinging
Batting: RHB Larry Booth 0-0: Ball
1-0: Ball
2-0: Called Strike
2-1: Ground out 5-3 (Groundball, 5)
Top of the 5th over - 0 run(s), 0 hit(s), 0 error(s), 0 left on base; Cincinnati 2 - Lee's Summit 0
BOTTOM OF THE 5TH
Lee's Summit Tigers batting - Pitching for Cincinnati Pride : RHP Richard Edwards
Batting: LHB Alfredo Sánchez 0-0: Foul Ball, location: 2F
0-1: Ball
1-1: SINGLE (Groundball, 34)
Batting: RHB Carlos Flores 0-0: Called Strike
0-1: Ball
1-1: Ball
2-1: Ball
3-1: Called Strike
3-2: Foul Ball, location: 2F
3-2: Ground out 6-3 (Groundball, 6S)
Alfredo Sánchez to second
Batting: LHB Cipriano Cruz 0-0: Ball
1-0: Ball
2-0: Called Strike
2-1: Ball
3-1: Fly out, F9 (Line Drive, 9S)
Batting: SHB Shane Hutchinson 0-0: Ball
1-0: Called Strike
1-1: Ball
2-1: Foul Ball, location: 2F
2-2: Foul Ball, location: 2F
2-2: Strikes out looking
Bottom of the 5th over - 0 run(s), 1 hit(s), 0 error(s), 1 left on base; Cincinnati 2 - Lee's Summit 0
TOP OF THE 6TH
Cincinnati Pride batting - Pitching for Lee's Summit Tigers : RHP Lorenzo Aguilar
Batting: RHB Norris Howard 0-0: Fly out, F8 (Flyball, 8LS)
Batting: RHB Roberto Chávez 0-0: Ball
1-0: Called Strike
1-1: Swinging Strike
1-2: Foul Ball, location: 2F
1-2: Strikes out swinging
Batting: RHB Gabriel Villegas 0-0: Ball
1-0: Ball
2-0: Called Strike
2-1: SINGLE (Line Drive, 78M)
Batting: RHB Fernando Díaz 0-0: Foul Ball, location: 2F
0-1: Ball
1-1: Foul Ball, location: 2F
1-2: Ball
2-2: Foul Ball, location: 2F
2-2: Ball
3-2: Foul Ball, location: 2F
3-2: Base on Balls
Gabriel Villegas to second
Batting: SHB Nick Marshall 0-0: Ground out 6-3 (Groundball, 6)
Top of the 6th over - 0 run(s), 1 hit(s), 0 error(s), 2 left on base; Cincinnati 2 - Lee's Summit 0
BOTTOM OF THE 6TH
Lee's Summit Tigers batting - Pitching for Cincinnati Pride : RHP Richard Edwards
Batting: RHB Doug Delaney 0-0: Called Strike
0-1: Foul Ball, location: 2F
0-2: Strikes out swinging
Batting: RHB Norberto Márquez 0-0: Ball
1-0: Ground out 6-3 (Groundball, 6)
Batting: LHB Andrés Arredondo 0-0: Called Strike
0-1: DOUBLE (Line Drive, 8LD)
Batting: RHB Ed Watkins 0-0: Swinging Strike
0-1: SINGLE (Flyball, 7LM)
Andrés Arredondo to third
Runner from 3rd tries for Home, SAFE, no throw or cutoff
Pitching: LHP Joseph Byrne
Batting: RHB Norberto Taváres 0-0: Ball
1-0: Swinging Strike
1-1: Ground out 5-3 (Groundball, 5)
Bottom of the 6th over - 1 run(s), 2 hit(s), 0 error(s), 1 left on base; Cincinnati 2 - Lee's Summit 1
TOP OF THE 7TH
Cincinnati Pride batting - Pitching for Lee's Summit Tigers : RHP Lorenzo Aguilar
Batting: LHB Ricardo Brandariz 0-0: Ball
1-0: Called Strike
1-1: Swinging Strike
1-2: Ball
2-2: Ball
3-2: Foul Ball, location: 2F
3-2: Foul Ball, location: 2F
3-2: Foul Ball, location: 2F
3-2: Strikes out looking
Batting: RHB Jonas Uttley 0-0: Ground out 5-3 (Groundball, 5S)
Batting: RHB Álex Hernández 0-0: Called Strike
0-1: Ball
1-1: Ground out U3 (Groundball, 3)
Top of the 7th over - 0 run(s), 0 hit(s), 0 error(s), 0 left on base; Cincinnati 2 - Lee's Summit 1
BOTTOM OF THE 7TH
Lee's Summit Tigers batting - Pitching for Cincinnati Pride : LHP Joseph Byrne
Batting: LHB Alfredo Sánchez 0-0: Ball
1-0: Swinging Strike
1-1: Fly out, F7 (Flyball, 7LD)
Batting: RHB Carlos Flores 0-0: Called Strike
0-1: Foul Ball, location: 2F
0-2: Ball
1-2: Strikes out swinging
Batting: LHB Cipriano Cruz 0-0: Ball
1-0: Called Strike
1-1: Foul Ball, location: 2F
1-2: Foul Ball, location: 2F
1-2: Ball
2-2: Strikes out swinging
Bottom of the 7th over - 0 run(s), 0 hit(s), 0 error(s), 0 left on base; Cincinnati 2 - Lee's Summit 1
TOP OF THE 8TH
Cincinnati Pride batting - Pitching for Lee's Summit Tigers : RHP Lorenzo Aguilar
Pitching: LHP John Livingston
Batting: RHB Larry Booth 0-0: Ball
1-0: Ball
2-0: Foul Ball, location: 2F
2-1: Called Strike
2-2: SINGLE (Groundball, 56)
Batting: RHB Norris Howard 0-0: Called Strike
0-1: Sac Bunt - play at first, batter OUT! 3-4
Larry Booth to second
Batting: RHB Roberto Chávez 0-0: Ground out 6-3 (Groundball, 6)
Larry Booth to third
Batting: RHB Gabriel Villegas 0-0: Ball
1-0: SINGLE (Line Drive, 9S)
Larry Booth scores
Batting: RHB Fernando Díaz 0-0: Called Strike
0-1: Called Strike
0-2: Ball
1-2: Strikes out swinging
Top of the 8th over - 1 run(s), 2 hit(s), 0 error(s), 1 left on base; Cincinnati 3 - Lee's Summit 1
BOTTOM OF THE 8TH
Lee's Summit Tigers batting - Pitching for Cincinnati Pride : LHP Joseph Byrne
Now at 1B: Wilson Flores
Batting: SHB Shane Hutchinson 0-0: Called Strike
0-1: Ball
1-1: Ball
2-1: Ball
3-1: SINGLE (Groundball, 5D)
Pitching: RHP Jesús Andrade
Batting: RHB Doug Delaney 0-0: Called Strike
0-1: Foul Ball, location: 2F
0-2: Strikes out swinging
Batting: RHB Norberto Márquez 0-0: Ball
1-0: Ball
2-0: Ball
3-0: Called Strike
3-1: Fly out, F8 (Flyball, 8LM)
Batting: LHB Andrés Arredondo 0-0: Ball
1-0: Called Strike
1-1: Ground out 3-1 (Groundball, 34)
Bottom of the 8th over - 0 run(s), 1 hit(s), 0 error(s), 1 left on base; Cincinnati 3 - Lee's Summit 1
TOP OF THE 9TH
Cincinnati Pride batting - Pitching for Lee's Summit Tigers : LHP John Livingston
Batting: SHB Nick Marshall 0-0: Called Strike
0-1: Called Strike
0-2: Foul Ball, location: 2F
0-2: SOLO HOME RUN (Flyball, 78XD), Distance : 364 ft
Batting: LHB Ricardo Brandariz 0-0: Ball
1-0: Ball
2-0: Ball
3-0: Base on Balls
Batting: RHB Jonas Uttley 0-0: Ball
1-0: Fly out, F8 (Flyball, 8LD)
Batting: RHB Álex Hernández 0-0: Ball
1-0: Called Strike
1-1: Ball
2-1: Ground out 4-3 (Groundball, 4M)
Ricardo Brandariz to second
Batting: RHB Larry Booth 0-0: Ball
1-0: Ball
2-0: Ball
3-0: Called Strike
3-1: Fly out, F7 (Flyball, 7LMF)
Top of the 9th over - 1 run(s), 1 hit(s), 0 error(s), 1 left on base; Cincinnati 4 - Lee's Summit 1
BOTTOM OF THE 9TH
Lee's Summit Tigers batting - Pitching for Cincinnati Pride : RHP Jesús Andrade
Pitching: RHP Eusébio Lagarto
Batting: RHB Ed Watkins 0-0: Swinging Strike
0-1: Ball
1-1: Foul Ball, location: 2F
1-2: Strikes out swinging
Batting: RHB Norberto Taváres 0-0: Ball
1-0: Ball
2-0: Ball
3-0: Base on Balls
Batting: LHB Alfredo Sánchez 0-0: Ball
1-0: Ball
2-0: Swinging Strike
2-1: Foul Ball, location: 2F
2-2: Strikes out swinging
Batting: RHB Carlos Flores 0-0: Called Strike
0-1: Called Strike
0-2: Foul Ball, location: 2F
0-2: Strikes out swinging
Bottom of the 9th over - 0 run(s), 0 hit(s), 0 error(s), 1 left on base; Cincinnati 4 - Lee's Summit 1
This league is powered by Out of the Park Baseball, the baseball management simulation game for PC, Mac and Linux
Wednesday, December 2nd, 2015 - OOTP Baseball 16.8 Build 38